 Dungeon Crawl Stone Soup version 0.18-a0-775-g4d9e04e (webtiles) character file.

165 JokEr the Skirmisher (level 5, -3/43 HPs)
             Began as a Demonspawn Fighter on Dec 13, 2015.
             Slain by a shadow imp (4 damage)
             ... summoned by Natasha
             ... on level 3 of the Dungeon.
             The game lasted 00:05:12 (1816 turns).

JokEr the Skirmisher (Demonspawn Fighter)           Turns: 1816, Time: 00:05:12

Health: -3/43      AC:  9    Str: 17    XL:     5   Next: 22%
Magic:  5/5        EV:  6    Int:  9    God:
Gold:   133        SH:  9    Dex: 13    Spells: 0 memorised, 4 levels left

rFire  . . .     SeeInvis .     a - +1 long sword
rCold  . . .     Clarity  .     b - +0 scale mail
rNeg   . . .     SustAt   .     c - +0 shield
rPois  .         Gourm    .     (helmet restricted)
rElec  .         Spirit   .     (no cloak)
rCorr  .         Dismiss  .     l - +0 pair of gloves
rMut   .         Stasis   .     (no boots)
MR     .....                    i - amulet of regeneration
Stlth  +.........               (no ring)
                                (no ring)

@: slowed, very slow, not resistant to hostile enchantments, very unstealthy
A: antennae 1, thin metallic scales 1, nightstalker 1
a: no special abilities


You were on level 3 of the Dungeon.
You were not hungry.

You visited 1 branch of the dungeon, and saw 3 of its levels.

You collected 133 gold pieces.

Inventory:

Hand Weapons
 a - a +1 long sword (weapon)
Armour
 b - a +0 scale mail (worn)
 c - a +0 shield (worn)
 l - a +0 pair of gloves (worn)
Jewellery
 i - an amulet of regeneration (around neck)
 m - a +2 ring of evasion {unknown}
Wands
 d - a wand of slowing (13)
 o - a wand of slowing (3)
Scrolls
 h - a scroll of identify
 n - 2 scrolls of blinking {unknown}
Potions
 e - a potion of degeneration {unknown}
 g - a potion of mutation {unknown}
 j - a potion of poison {unknown}
Comestibles
 f - 5 bread rations
 k - a meat ration


   Skills:
 + Level 4.6 Fighting
 + Level 3.6 Long Blades
 - Level 2.7 Armour
 - Level 2.8 Shields


You had 4 spell levels left.
You didn't know any spells.

Dungeon Overview and Level Annotations

Branches:
Dungeon (3/15)

Altars:

Annotations:
D:3 Natasha


Innate Abilities, Weirdness & Mutations

You have a pair of small antennae on your head.
You are partially covered in thin metallic scales (AC +2).
You are slightly more attuned to the shadows.


Message History

Natasha claws you. You block the shadow imp's attack.
Natasha barely misses you.
You closely miss Natasha.
Natasha is severely wounded.
You block the shadow imp's attack. Natasha claws you but does no damage.
The shadow imp hits you but does no damage.
You block Natasha's attack.
You barely miss Natasha.
Natasha is severely wounded.
The shadow imp gestures at you. Pain shoots through your body!
Natasha claws you!
* * * LOW HITPOINT WARNING * * *
The shadow imp hits you.
* * * LOW HITPOINT WARNING * * *
You barely miss Natasha.
Natasha is severely wounded.
Natasha claws you!
* * * LOW HITPOINT WARNING * * *
The shadow imp hits you.
You die...

.##....# .##....#
......####### ## ##
###.......... .... . #
#......... .#.#..
#......... ......
#........######......
##.#####.......#h.....
#..######.##†..@5..#
#.##......#..#.#.###
##....######.#........
##..####. ...#.####...
#...###..#####.##.....#
#..##.. #....#.... $..
#..##.# #....#..##. ..
#..##.# #..†.#...[.
...##.###..<...#


You could see Natasha and a shadow imp.

Vanquished Creatures
  Crazy Yiuf (D:2)
  Terence (D:3)
  Robin (D:3)
  5 adders
  2 worms (D:3)
  2 giant geckos (D:2)
  2 ball pythons (D:2)
  7 giant cockroaches
  3 hobgoblins
  7 kobolds
  4 bats
  3 giant newts
  12 goblins
  A quokka (D:3)
  6 rats
57 creatures vanquished.

Notes
Turn   | Place    | Note
--------------------------------------------------------------
     0 | D:1      | JokEr the Demonspawn Fighter began the quest for the Orb.
     0 | D:1      | Reached XP level 1. HP: 18/18 MP: 1/1
   200 | D:1      | Gained mutation: You have a pair of small antennae on your head. [demonic ancestry]
   200 | D:1      | Reached XP level 2. HP: 22/24 MP: 2/2
   718 | D:2      | Gained mutation: You are slightly more attuned to the shadows. [demonic ancestry]
   718 | D:2      | Reached XP level 3. HP: 26/29 MP: 3/3
  1312 | D:2      | Noticed Crazy Yiuf
  1320 | D:2      | Killed Crazy Yiuf
  1320 | D:2      | Reached skill level 4 in Fighting
  1320 | D:2      | Reached XP level 4. HP: 18/37 MP: 4/4
  1488 | D:3      | Noticed Robin
  1545 | D:3      | Killed Robin
  1758 | D:3      | Noticed Terence
  1766 | D:3      | Killed Terence
  1766 | D:3      | Gained mutation: You are partially covered in thin metallic scales (AC +2). [demonic ancestry]
  1766 | D:3      | Reached XP level 5. HP: 43/43 MP: 5/5
  1806 | D:3      | Noticed Natasha
  1816 | D:3      | HP: 1/43 [Natasha (8)]
  1816 | D:3      | Slain by a shadow imp

Vault maps used:
D:1:      minmay_arrival_loop, minivault_4
D:2:      first_bread, uniq_crazy_yiuf_cottage
D:3:      uniq_terence, uniq_grinder, uniq_robin, uniq_natasha

Action                   |  1- 3 |  4- 6 || total
-------------------------+-------+-------++-------
Melee: Long sword        |   132 |   101 ||   233
  Use: Scroll            |     1 |     2 ||     3
       Potion            |     1 |       ||     1
  Eat: Chunk             |     1 |       ||     1
       Bread ration      |       |     1 ||     1
